 Dungeon Crawl Stone Soup version 0.30-a0-12-gd8047c6341 (webtiles) character file.

Game seed: 17374563585887616295

283 rubashov the Magician (level 6, -2/43 HPs)
             Began as a Djinni Fire Elementalist on Aug 23, 2022.
             Slain by a human zombie (5 damage)
             ... in an ossuary.
             The game lasted 00:12:58 (4416 turns).

rubashov the Magician (Djinni Fire Elementalist)    Turns: 4416, Time: 00:12:58

Health: -2/43      AC:  5    Str: 12    XL:     6   Next: 54%
Gold:   482        EV: 13    Int: 19    God:
                   SH:  0    Dex: 16

rFire   + . .      SeeInvis .    c - +1 short sword (chaos)
rCold   . . .      Faith    .    (no shield)
rNeg    . . .      Spirit   .    b - +0 robe "Wuemn" {Str+5}
rPois   ∞          Reflect  .    m - +2 helmet of Fun and Games {Dex+3}
rElec   .          Harm     .    (no cloak)
rCorr   .          Rampage  .    (no gloves)
Will    .....                    (boots unavailable)
Stlth   ++........               (no amulet)
HPRegen 0.14/turn                i - ring of ice
MPRegen 0.00/turn                (no ring)

@: flying, invisible
A: sickness immunity, fire resistance 2, cold vulnerability 1, float, innate
caster, HP casting, extra vitality 1
a: no special abilities


You were in an ossuary.
You visited 1 branch of the dungeon, and saw 4 of its levels.
You also visited: Ossuary.

You collected 1144 gold pieces.
You spent 662 gold pieces at shops.

Inventory:

Hand Weapons
 c - a +1 short sword of chaos (weapon)
Missiles
 g - 20 stones
Armour
 a - an orb of wrath
 b - the +0 robe "Wuemn" (worn) {Str+5}
   (You bought it in a shop on level 1 of the Dungeon)

   Str:       It affects your strength (+5).
 m - the +2 helmet of Fun and Games (worn) {Dex+3}
   (You found it on level 3 of the Dungeon)

   Dex:       It affects your dexterity (+3).
Jewellery
 i - a ring of ice (left hand)
Wands
 d - a wand of charming (5)
Scrolls
 e - a scroll of vulnerability
 f - 2 scrolls of teleportation
Potions
 k - a potion of mutation


   Skills:
 * Level 1.8 Fighting
 * Level 3.4 Dodging
 - Level 1.5 Stealth
 * Level 4.6 Spellcasting


You couldn't memorise any spells.
You knew the following spells:

 Your Spells              Type           Power      Damage    Failure   Level
a - Foxfire               Conj/Fire      88%        2x1d8     1%          1
b - Scorch                Fire           44%        2d7       3%          2
c - Conjure Flame         Conj/Fire      22%        6-21      6%          3
d - Inner Flame           Hex/Fire       22%        N/A       6%          3
e - Flame Wave            Conj/Fire      22%        2d8       19%         4
f - Magic Dart            Conj           88%        1d7       1%          1
g - Searing Ray           Conj           44%        2d6       3%          2
Your spell library was empty.

Dungeon Overview and Level Annotations

Branches:
Dungeon (4/15)            Ossuary (1/1)
 Temple: D:4-7

Altars:
Ashenzari

Shops:
D:1 [


Innate Abilities, Weirdness & Mutations

You are immune to sickness and miasma.
You are immune to poison.
Your flesh is very heat resistant. (rF++)
You are vulnerable to cold. (rC-)
You float through the air rather than walking.
You learn spells naturally, not from books.
Your magical power is your life essence.
You have superior vitality. (+4 MHP)


Message History

Confirm with . or Enter, or press ? or * to list all spells.
Flames lash something.
Something hits you but does no damage. x2
Casting: Scorch (safe; 3% risk of failure)
Confirm with . or Enter, or press ? or * to list all spells.
Flames lash the human zombie.
The human zombie is lightly damaged.
The human zombie's fire resistance burns away.
Something hits you.
Casting: Scorch (safe; 3% risk of failure)
Confirm with . or Enter, or press ? or * to list all spells.
Flames lash something.
Something hits you.
Casting: Scorch (safe; 3% risk of failure)
Confirm with . or Enter, or press ? or * to list all spells.
Flames lash the human zombie.
The human zombie is burned terribly!
The human zombie is heavily damaged.
Something hits you.
* * * LOW HITPOINT WARNING * * *
Casting: Scorch (safe; 3% risk of failure)
Confirm with . or Enter, or press ? or * to list all spells.
Flames lash something.
* * * LOW HITPOINT WARNING * * *
Something hits you but does no damage.
Okay, then.
Unknown command.
Something hits you but does no damage. Something barely misses you.
Something hits you.
* * * LOW HITPOINT WARNING * * *
Okay, then.
Unknown command.
Sorry, you're not good enough to have a special ability.
Unknown command.
Casting: Scorch (safe; 3% risk of failure)
Confirm with . or Enter, or press ? or * to list all spells.
Okay, then.
Unknown command.
You hit something. Your punch misses something. Something hits you.
* * * LOW HITPOINT WARNING * * *
You fade into invisibility!
Something hits you.
You die...

#....................#
#....................#
#......########......#
#...####.+ ####...#
#..##....## ##..#
#..'Z...... #..#
#..##....## ##..#
#..Z####.+ ####...#
#....@.########......#
#....................#
#....................#
#......########......#
#...####..#...####...#
#..##.'.!.#......##..#
#..#∩.#####.####..'..#
#..##.......#..#.##..#
#...####....'.####...#


You could see a human zombie (unable to see you, combustible).

Vanquished Creatures
  An elf zombie (Ossuary)
  A centaur zombie (Ossuary)
  A hound zombie (Ossuary)
  2 mummies (Ossuary)
  4 adders
  3 adder zombies (Ossuary)
  2 worms
  5 dart slugs
  2 orcs (D:3)
  5 ball pythons
  3 endoplasms (D:1)
  3 giant cockroaches (D:1)
  2 gnoll zombies (Ossuary)
  7 goblins
  9 hobgoblins
  4 jackals (D:3)
  4 kobolds
  2 quokkas
  4 bats
  3 frilled lizards
  5 goblin zombies (Ossuary)
  3 hobgoblin zombies (Ossuary)
  A jackal zombie (Ossuary)
  4 kobold zombies (Ossuary)
  3 quokka zombies (Ossuary)
  5 rats
  7 rat zombies (Ossuary)
95 creatures vanquished.

Vanquished Creatures (others)
  38 foxfires (D:1)
38 creatures vanquished.

Grand Total: 133 creatures vanquished

Notes
Turn   | Place    | Note
-------+----------+-------------------------------------------
     0 | D:1      | rubashov the Djinni Fire Elementalist began the quest for
                  | the Orb.
     0 | D:1      | rubashov set off with the following spells memorised:
                  | Foxfire, Scorch, Conjure Flame, Inner Flame, Flame Wave.
     0 | D:1      | Reached XP level 1. HP: 15/15 MP: 0/0
   315 | D:1      | Reached XP level 2. HP: 20/21 MP: 0/0
   787 | D:1      | Reached skill level 3 in Spellcasting
   799 | D:1      | Reached XP level 3. HP: 23/26 MP: 0/0
   799 | D:1      | Learned a level 1 spell: Magic Dart
   956 | D:1      | Found Rikufopt's Antique Armour Shoppe.
  1740 | D:2      | Reached XP level 4. HP: 20/31 MP: 0/0
  1978 | D:2      | Reached skill level 1 in Fighting
  2068 | D:2      | Identified a scroll of acquirement
  2068 | D:2      | Acquired 999 gold pieces
  2124 | D:1      | Bought a sheer robe for 176 gold pieces
  2124 | D:1      | Identified the +0 robe "Wuemn" {Str+5} (You bought it in a
                  | shop on level 1 of the Dungeon)
  2137 | D:1      | Bought a glowing robe for 114 gold pieces
  2140 | D:1      | Bought a glowing orb for 372 gold pieces
  2818 | D:3      | Identified the +2 helmet of Fun and Games {Dex+3}
  2895 | D:3      | Reached XP level 5. HP: 35/37 MP: 0/0
  2895 | D:3      | Learned a level 2 spell: Searing Ray
  3090 | D:3      | Found a faded altar of an unknown god.
  3303 | D:3      | Found a broken altar of Ashenzari.
  3545 | D:4      | Found a sand-covered staircase.
  3552 | Ossuary  | Entered an ossuary
  3575 | Ossuary  | Reached skill level 4 in Spellcasting
  3960 | Ossuary  | Reached XP level 6. HP: 25/43 MP: 0/0
  4415 | Ossuary  | HP: 2/43 [something (3)]
  4416 | Ossuary  | Slain by a human zombie

Illustrated notes

Levels and vault maps discovered:
D:1:      nzn_arrival_depleted_hourglass, layout_rooms, serial_shops,
          nicolae_shop_window_shopping
D:2:      layout_basic, hex_tiny
D:3:      layout_loops_cross, ashenzari_altar_1,
          shapermc_ecumenical_altar_notcrosses, amcnicky_mini_corridor_feature,
          kennysheep_doodads
D:4:      layout_rooms, lemuel_tele_altar, mainiacjoe_overflow_alcove_4,
          enter_ossuary_1, grunt_decor_resistance, lemuel_old_faithful,
          uniq_edmund, uniq_pikel, uniq_blork_the_orc, uniq_sigmund
Ossuary:  minmay_ossuary_two_tombs

Skill      XL: |  1  2  3  4  5 |
---------------+----------------+-----
Spellcasting   | 3 4 |  4.6
Fighting       | 1 |  1.8
Dodging        | 3 |  3.4
Stealth        | |  1.5

Action                   |  1- 3 |  4- 6 || total
-------------------------+-------+-------++-------
Melee: Short sword       |    43 |   162 ||   205
       Punch             |     1 |     1 ||     2
 Cast: Foxfire           |    20 |       ||    20
       Scorch            |    14 |    62 ||    76
  Use: Scroll            |       |    12 ||    12
       Potion            |       |     1 ||     1
 Stab: Sleeping          |     3 |       ||     3
       Paralysed         |       |     3 ||     3
       Confused          |       |     1 ||     1
Armor: Robe              |    12 |    72 ||    84
Dodge: Dodged            |    40 |   122 ||   162

Table legend: (Time is in decaauts)
 A = Elapsed time spent in this place.
 B = Non-inter-level travel time spent in this place.
 C = Inter-level travel time spent in this place.
 D = Time resting spent in this place.
 E = Time spent auto-exploring this place.
 F = Levels seen in this place.
 G = Mean time per level.
                   A        B        C        D        E       F      G
               +--------+--------+--------+--------+--------+-----+--------+
         Total |   4436 |   4256 |    180 |   1754 |   1688 |   5 |  887.2 |
       Dungeon |   3564 |   3384 |    180 |   1200 |   1619 |   4 |  891.0 |
       Ossuary |    872 |    872 |      0 |    554 |     69 |   1 |  872.0 |
               +--------+--------+--------+--------+--------+-----+--------+

Top non-repeatable levels by time:
     D:1: 1656 daAuts
     D:3: 990 daAuts
     D:2: 905 daAuts
 Ossuary: 872 daAuts
     D:4: 12 daAuts
